 Dungeon Crawl Stone Soup version 0.30-a0-719-gcc4359ea44 (webtiles) character file.

Game seed: 10976315200465420997

268 Newt the Trooper (level 6, -8/50 HPs)
             Began as a Demonspawn Gladiator on Jan 26, 2023.
             Was an Initiate of Hepliaklqana.
             Blown up by Pikel (16 damage)
             ... with a mindburst bolt
             ... on level 4 of the Dungeon.
             The game lasted 00:02:47 (2368 turns).

Newt the Trooper (Demonspawn Gladiator)             Turns: 2368, Time: 00:02:48

Health: -8/50      AC:  5    Str: 16    XL:     6   Next: 0%
Magic:  6/6        EV: 13    Int:  7    God:    Hepliaklqana [......]
Gold:   138        SH:  0    Dex: 15    Spells: 4/5 levels left

rFire   . . .      SeeInvis .    e - +1 dagger (venom)
rCold   . . .      Faith    .    (no shield)
rNeg    . . .      Spirit   .    b - +0 leather armour
rPois   .          Reflect  .    (no helmet)
rElec   .          Harm     .    (no cloak)
rCorr   .          Rampage  .    (no gloves)
Will    .....      Rnd*Tele +    (no boots)
Stlth   ++                       (no amulet)
HPRegen 0.28/turn                (no ring)
MPRegen 0.10/turn                (no ring)

@: no status effects
A: thin metallic scales 1, demonic magic 1, weakness stinger 2, fangs 1, dopey
1, teleportitis 1
a: Renounce Religion


You were on level 4 of the Dungeon.
You worshipped Hepliaklqana.
Hepliaklqana was noncommittal.
You visited 1 branch of the dungeon, and saw 4 of its levels.

You collected 138 gold pieces.

Inventory:

Hand Weapons
 a - a +1 rapier
 e - a +1 dagger of venom (weapon)
Missiles
 f - a javelin (quivered)
 k - 10 poisoned darts
Armour
 b - a +0 leather armour (worn)
 c - a +1 helmet
Jewellery
 i - a ring of wizardry
Scrolls
 h - a scroll of teleportation
 o - 4 scrolls of identify
Potions
 g - a potion of invisibility
 j - a potion of cancellation
 m - a potion of magic {unknown}
 n - a potion of might {unknown}


   Skills:
 + Level 4.9 Fighting
 - Level 2.6 Short Blades
 - Level 1.7 Throwing
 - Level 4.0 Dodging
 - Level 2.0 Stealth


You had 4 spell levels left.
You knew the following spells:

 Your Spells              Type           Power      Damage    Failure   Level
a - Summon Small Mammal   Summ           0%         N/A       50%         1

Your spell library contained the following spells:

 Spells                   Type           Power      Damage    Failure   Level
 Sting                    Tmut/Pois      0%         1d3       50%         1
 Poisonous Vapours        Pois/Air       0%         N/A       65%         2
 Call Canine Familiar     Summ           0%         N/A       86%         3
 Summon Guardian Golem    Hex/Summ       0%         N/A       86%         3
 Olgreb's Toxic Radiance  Pois           0%         N/A       99%         4
 Summon Lightning Spire   Summ/Air       0%         N/A       99%         4
 Storm Form               Tmut/Air       0%         N/A       100%        7
 Maxwell's Capacitive Co  Air            0%         ∞         100%        8


Dungeon Overview and Level Annotations

Branches:
Dungeon (4/15)
 Temple: D:4-7

Altars:
Hepliaklqana

Annotations:
D:4 Pikel


Innate Abilities, Weirdness & Mutations

You are partially covered in thin metallic scales. (AC +2)
Spells you cast may paralyse adjacent enemies.
You have a tail ending in a sharp stinger.
You have very sharp teeth.
You are dopey. (Int -2)
You are occasionally teleported next to monsters.


Message History

The lemure is severely wounded.
The lemure hits you but does no damage.
You hit the lemure.
The lemure looks as sick as possible!
The lemure is almost dead.
You kill the lemure!
That felt strangely unrewarding.
You start resting.
HP restored.
You start waiting.
Done waiting.
You climb downwards.
Level annotation: Pikel Pikel closely misses you.
There is a stone staircase leading up here.
You barely miss Pikel. You bite Pikel, but do no damage.
Pikel hits you with a +0 whip of electrocution!
You are electrocuted!
You hit Pikel but do no damage.
Pikel is poisoned.
Pikel zaps a wand.
Your mind is blasted!
* * * LOW HITPOINT WARNING * * *
Throw: 2 throwing nets
Press: ? - help, Q - select action, (/) - cycle Shift-Dir - straight line, f - Pikel
Aim: Pikel, wielding a +0 whip of electrocution, wearing a +0 robe of willpower and carrying a wand of mindburst (7) (very poisoned, 53% to hit)
Okay, then.
Throw: 2 throwing nets
Press: ? - help, Q - select action, (/) - cycle Shift-Dir - straight line, f - Pikel
Aim: Pikel, wielding a +0 whip of electrocution, wearing a +0 robe of willpower and carrying a wand of mindburst (7) (very poisoned, 53% to hit)
You throw a throwing net. The throwing net closely misses Pikel.
Throw: throwing net
Press: ? - help, Q - select action, (/) - cycle Shift-Dir - straight line, f/p - Pikel
Aim: Pikel, wielding a +0 whip of electrocution, wearing a +0 robe of willpower and carrying a wand of mindburst (7) (lightly wounded, very poisoned, 53% to hit)
You throw a throwing net. The throwing net hits Pikel.
Pikel is caught in the net!
Pikel is lightly wounded.
Pikel zaps a wand.
Your mind is blasted!
* * * LOW HITPOINT WARNING * * *
Pikel struggles against the net.
You feel better.
Pikel zaps a wand.
Your mind is blasted!
You die...

.........(. ####
..........##...#
................
........5.......
#............
#..##55......
..#. #5...$....
.....#K##...#..
..#....@.#..# ..
#.....##.## .
####.## # ###


You could see Pikel (caught, very poisoned) and a lemure.

Vanquished Creatures
  Grinder (D:4)
  A lemure (D:3)
  An adder (D:3)
  A worm (D:2)
  An orc (D:3)
  6 ball pythons
  3 endoplasms
  A giant cockroach (D:1)
  7 goblins
  4 hobgoblins
  7 jackals
  7 kobolds
  2 quokkas
  3 bats
  A frilled lizard (D:3)
  4 rats (D:1)
50 creatures vanquished.

Notes
Turn   | Place    | Note
-------+----------+-------------------------------------------
     0 | D:1      | Newt the Demonspawn Gladiator began the quest for the Orb.
     0 | D:1      | Reached XP level 1. HP: 16/16 MP: 1/1
   166 | D:1      | Reached skill level 1 in Stealth
   244 | D:1      | Gained mutation: You have a small tail. [demonic ancestry]
   244 | D:1      | Reached XP level 2. HP: 16/22 MP: 2/2
   276 | D:1      | Learned a level 1 spell: Summon Small Mammal
   282 | D:1      | Found a faded altar of an unknown god.
  1061 | D:2      | Reached XP level 3. HP: 16/28 MP: 3/3
  1227 | D:2      | Found a hazy altar of Hepliaklqana.
  1249 | D:2      | Became a worshipper of Hepliaklqana the Forgotten
  1658 | D:3      | Gained mutation: You have a pair of small horns on your
                  | head. [potion of mutation]
  1658 | D:3      | Gained mutation: You sometimes lose your temper in combat.
                  | [potion of mutation]
  1658 | D:3      | Gained mutation: You are dopey. (Int -2) [potion of
                  | mutation]
  1659 | D:3      | Lost mutation: You have a pair of small horns on your head.
                  | [potion of mutation]
  1659 | D:3      | Lost mutation: You sometimes lose your temper in combat.
                  | [potion of mutation]
  1659 | D:3      | Gained mutation: You are occasionally teleported next to
                  | monsters. [potion of mutation]
  1659 | D:3      | Gained mutation: You have very sharp teeth. [potion of
                  | mutation]
  2017 | D:3      | Gained mutation: Spells you cast may paralyse adjacent
                  | enemies. [demonic ancestry]
  2017 | D:3      | Reached XP level 4. HP: 37/37 MP: 4/4
  2144 | D:4      | Noticed Grinder
  2159 | D:4      | Noticed a lemure
  2160 | D:4      | Noticed a lemure
  2160 | D:4      | Noticed a lemure
  2160 | D:4      | Noticed a lemure
  2161 | D:4      | Noticed Pikel
  2166 | D:4      | Killed Grinder
  2167 | D:4      | Gained mutation: You have a tail ending in a sharp stinger.
                  | [demonic ancestry]
  2167 | D:4      | Reached XP level 5. HP: 37/43 MP: 5/5
  2167 | D:4      | Gained mutation: You are partially covered in thin metallic
                  | scales. (AC +2) [demonic ancestry]
  2167 | D:4      | Reached XP level 6. HP: 43/50 MP: 6/6
  2366 | D:4      | HP: 1/50 [disintegration (11)]
  2368 | D:4      | Blown up by Pikel

Illustrated notes

Levels and vault maps discovered:
D:1:      co_arrival_square_in_a_square_in_a_square, layout_loops_ring,
          ebering_ecumenical_altar_box
D:2:      layout_basic, basic_altar, solitary_fountain
D:3:      layout_loops_cross
D:4:      minmay_bubble_buster, layout_cave_pools, uniq_pikel, uniq_grinder

Skill      XL: |  1  2  3  4 |
---------------+-------------+-----
Stealth        | 1 2 |  2.0
Fighting       | 3 4 |  4.9
Dodging        | 4 |  4.0
Short Blades   | |  2.6
Throwing       | |  1.7

Action                     |  1- 3 |  4- 6 || total
---------------------------+-------+-------++-------
  Melee: Rapier            |    90 |       ||    90
         Punch             |     1 |       ||     1
         Tailslap          |    15 |     4 ||    19
         Dagger            |    71 |    23 ||    94
         Bite              |     5 |     4 ||     9
  Throw: Throwing net      |     2 |     4 ||     6
         Javelin           |     1 |       ||     1
         Dart              |       |     1 ||     1
    Use: Scroll            |     7 |       ||     7
         Potion            |     2 |     1 ||     3
   Stab: Sleeping          |     2 |     1 ||     3
 Armour: Leather armour    |    52 |     3 ||    55
  Dodge: Dodged            |    86 |    11 ||    97

Table legend: (Time is in decaauts)
 A = Elapsed time spent in this place.
 B = Non-inter-level travel time spent in this place.
 C = Inter-level travel time spent in this place.
 D = Time resting spent in this place.
 E = Time spent auto-exploring this place.
 F = Levels seen in this place.
 G = Mean time per level.
                   A        B        C        D        E       F      G
               +--------+--------+--------+--------+--------+-----+--------+
         Total |   2362 |   2298 |     64 |    181 |   1699 |   4 |  590.5 |
       Dungeon |   2362 |   2298 |     64 |    181 |   1699 |   4 |  590.5 |
               +--------+--------+--------+--------+--------+-----+--------+

Top non-repeatable levels by time:
     D:3: 897 daAuts
     D:1: 890 daAuts
     D:2: 543 daAuts
     D:4: 31 daAuts
